 Dungeon Crawl Stone Soup version 0.27.1-34-g3ba077fa99 (webtiles) character file.

Game seed: 4271767177925924260

12 simples the Chopper (level 2, -1/27 HPs)
             Began as a Minotaur Berserker on Jan 3, 2022.
             Was a Follower of Trog.
             Killed from afar by a dart slug (4 damage)
             ... with a slug dart
             ... on level 1 of the Dungeon.
             The game lasted 00:00:23 (397 turns).

simples the Chopper (Minotaur Berserker)             Turns: 397, Time: 00:00:24

Health: -1/27      AC:  2    Str: 21    XL:     2   Next: 20%
Magic:  1/1        EV: 12    Int:  4    God:    Trog [*.....]
Gold:   0          SH:  0    Dex:  9    Spells: 1/1 levels left

rFire    . . .     SeeInvis .   a - +0 hand axe
rCold    . . .     Faith    .   (no shield)
rNeg     . . .     Spirit   .   b - +0 animal skin
rPois    .         Reflect  .   (helmet restricted)
rElec    .         Harm     .   (no cloak)
rCorr    .         Rampage  .   (no gloves)
Will     .....                  (no boots)
Stlth    +.........             (no amulet)
HPRegen  0.09/turn              (no ring)
MPRegen  0.07/turn              (no ring)

@: on berserk cooldown, slowed, very slow
A: horns 2, retaliatory headbutt
a: Renounce Religion, Berserk


You were on level 1 of the Dungeon.
You worshipped Trog.
Trog was aware of your devotion.
You visited 1 branch of the dungeon, and saw 1 of its levels.

Inventory:

Hand Weapons
 a - a +0 hand axe (weapon)
Armour
 b - a +0 animal skin (worn)
Potions
 c - a potion of curing {unknown}


   Skills:
 + Level 3.8 Fighting
 * Level 4.0 Axes
 + Level 2.6 Armour
 + Level 2.4 Dodging


You had one spell level left.
You didn't know any spells.
Your spell library was empty.

Dungeon Overview and Level Annotations

Branches:
Dungeon (1/15)

Altars:


Innate Abilities, Weirdness & Mutations

You have a pair of horns on your head.
You reflexively headbutt those who attack you in melee.


Message History

You are too injured to fight recklessly!
A red film seems to cover your vision as you go berserk!
You feel yourself moving faster!
You feel mighty! The rat barely misses you. The frilled lizard bites you.
You closely miss the rat.
The rat is moderately wounded.
You barely miss the frilled lizard. The rat closely misses you.
You furiously retaliate!
You headbutt the rat!
You kill the rat!
Trog accepts your kill. The frilled lizard closely misses you.
You furiously retaliate!
You headbutt the frilled lizard!!
You kill the frilled lizard!
Trog accepts your kill.
Found a pair of boots.
You see here a frilled lizard corpse.
A goblin comes into view. It is wielding a +0 flail.
You feel a strong urge to attack something.
The goblin shouts!
You see here a rat corpse.
A goblin is nearby!
A goblin is nearby!
You feel your anger nearly subside.
You are no longer berserk.
You are exhausted.
You feel yourself slow down. The goblin hits you with a +0 flail!
* * * LOW HITPOINT WARNING * * *
You closely miss the goblin. The goblin closely misses you.
A kobold comes into view. It is wielding a +0 club.
The goblin closely misses you. You furiously retaliate!
You headbutt the goblin!
You kill the goblin!
Trog accepts your kill.
Things that are here:
a +0 flail; a goblin corpse A dart slug comes into view.
You see here a rat corpse.
The dart slug launches a dart at you. The slug dart hits you.
You die...

...........# ..
....#+#.....# .# ..###
##....?# ##.# ### ##...#
#.. # #..# #.# #.# #)# ##
#.# #.# . ##. #####.####K#
..[ >..##
##.).....@†.###.....
#...####.†...>..)†.†...w#
#.#....†..###..:...........
#........## ##.#######..###
###.###### #.# .# #.# #!# #
###.# #.# #...# #.# #.###
#.#


You could see a dart slug and a kobold.

Vanquished Creatures
  2 bats (D:1)
  2 goblins (D:1)
  2 kobolds (D:1)
  A quokka (D:1)
  A ball python (D:1)
  A frilled lizard (D:1)
  4 rats (D:1)
13 creatures vanquished.

Notes
Turn   | Place    | Note
-------+----------+-------------------------------------------
     0 | D:1      | simples the Minotaur Berserker began the quest for the Orb.
     0 | D:1      | Reached XP level 1. HP: 19/19 MP: 0/0
   377 | D:1      | Reached XP level 2. HP: 22/27 MP: 1/1
   380 | D:1      | Reached skill level 4 in Axes
   397 | D:1      | Killed from afar by a dart slug

Illustrated notes

Levels and vault maps discovered:
D:1:      evilmike_arrival_crescent, layout_loops_ring

Skill      XL: |  1  2 |
---------------+-------+-----
Axes           | 4 |  4.0
Fighting       | |  3.8
Armour         | |  2.6
Dodging        | |  2.4

Action                   || total
-------------------------++-------
Melee: Hand axe          ||    28
       Headbutt          ||     2
Invok: Berserk           ||     1
Armor: Animal skin       ||     6
Dodge: Dodged            ||    27
